 Dungeon Sprint DCSS version 0.29.1-15-g9cfb28693d (webtiles) character file.

Game seed: 8281578728763550972

7263 boopmooplesden the Executioner (level 10, -9/110 HPs)
             Began as a Minotaur Berserker on Mar 6, 2023.
             Was the Champion of Trog.
             Mangled by an earth elemental (28 damage)
             ... in the Dungeon (Sprint VII: "The Pits").
             The game lasted 00:03:05 (1672 turns).

boopmooplesden the Executioner (Minotaur Berserker) Turns: 1672, Time: 00:03:05

Health: -9/110     AC: 19    Str: 27    XL:     10   Next: 89%
Magic:  9/9        EV: 13    Int:  7    God:    Trog [******]
Gold:   0          SH:  0    Dex: 12    Spells: 9/9 levels left

rFire   . . .      SeeInvis .   n - +8 battleaxe of the Fray {vorpal, *Rage Fly rElec}
rCold   . . .      Faith    .   (shield currently unavailable)
rNeg    . . .      Spirit   .   r - +4 chain mail
rPois   .          Reflect  .   (helmet restricted)
rElec   +          Harm     .   s - +0 cloak
rCorr   .          Rampage  .   t - +0 pair of gloves
Will    .....      Rage     20% (no boots)
Stlth   .......... NoTele   +   (no amulet)
HPRegen 0.28/turn               o - +3 ring of intelligence
MPRegen 0.11/turn               p - +3 ring of dexterity

@: on berserk cooldown, flying, slowed, very slow
A: horns 2, retaliatory headbutt
a: Renounce Religion, Berserk, Trog's Hand, Brothers in Arms


You were in the Dungeon.
You worshipped Trog.
Trog was exalted by your worship.
You visited 1 branch

Inventory:

Hand Weapons
 a - a +0 hand axe
 i - a +2 hand axe
 l - a +2 vorpal hand axe
 n - the +8 battleaxe of the Fray (weapon) {vorpal, *Rage Fly rElec}
   (Trog gifted it to you in the Dungeon)

   It inflicts extra damage upon your enemies.
   rElec:     It insulates you from electricity.
   Fly:       It grants you flight.
   *Rage:     It berserks you when you make melee attacks (+20% chance).
Armour
 b - a +0 animal skin
 m - a +2 plate armour
 r - a +4 chain mail (worn)
 s - a +0 cloak (worn)
 t - a +0 pair of gloves (worn)
Jewellery
 o - a +3 ring of intelligence (left hand)
 p - a +3 ring of dexterity (right hand)
Scrolls
 h - a scroll of blinking
 k - a scroll of summoning
Potions
 c - 6 potions of curing
 d - 12 potions of heal wounds
 e - 2 potions of haste
 f - 4 potions of magic
 g - 3 potions of berserk rage
 j - 2 potions of invisibility
 q - a potion of resistance


   Skills:
 + Level 16.9 Fighting
 + Level 21.0 Axes
 + Level 11.9 Armour
 + Level 10.7 Dodging
 + Level 1.8 Stealth


You had 9 spell levels left.
You didn't know any spells.
Your spell library was empty.

Dungeon Overview and Level Annotations

Branches:
Dungeon (1/1)

Altars:


Innate Abilities, Weirdness & Mutations

You have a pair of horns on your head.
You reflexively headbutt those who attack you in melee.


Message History

You headbutt the purple draconian!
You kill the purple draconian!
Trog accepts your kill.
You slice the small abomination!!
You are no longer berserk.
You are exhausted.
You feel yourself slow down.
You see here a +0 morningstar.
You barely miss the small abomination. You headbutt the small abomination.
The small abomination is almost destroyed.
The small abomination misses you. You furiously retaliate!
You headbutt the small abomination, but do no damage.
The small abomination closely misses you.
You hit the small abomination but do no damage.
The small abomination is almost destroyed.
You completely miss the earth elemental.
The small abomination barely misses you.
The earth elemental hits you!
You barely miss the small abomination. You headbutt the small abomination.
You destroy the small abomination!
Trog accepts your kill.
You hit the earth elemental but do no damage.
Your Axes skill increases to level 21!
You hit the earth elemental but do no damage.
You headbutt the earth elemental, but do no damage.
The earth elemental hits you!!
* * * LOW HITPOINT WARNING * * *
You barely miss the earth elemental. You headbutt the earth elemental!
The earth elemental is lightly damaged.
The earth elemental hits you!
* * * LOW HITPOINT WARNING * * *
You hit the earth elemental but do no damage.
You headbutt the earth elemental, but do no damage.
The earth elemental is lightly damaged.
You hit the earth elemental but do no damage.
The earth elemental is lightly damaged.
The earth elemental hits you!
* * * LOW HITPOINT WARNING * * *
You feel much better. The earth elemental hits you!!
You die...

....# #.........#
....# ##...)...##
...## ####...#### ###
''##
###..))..+..##..#
...###...)##'##.....#
.)..#....##...##....#
....')...'.....+....+
....#....##.).##....#
...###....##)##†@E..#
''##
###..'...'..##..#
..†# ####..)#### ##
....# ##.......##
....# #.........#
##### ###########


You could see an earth elemental.

Vanquished Creatures
  A purple draconian (D)
  A boulder beetle (D)
  A hydra (D)
  An elephant (D)
  A molten gargoyle (D)
  A freezing wraith (D)
  3 rime drakes (D)
  A red devil (D)
  A guardian mummy (D)
  7 dream sheep (D)
  A wraith (D)
  A wyvern (D)
  5 redbacks (D)
  2 floating eyes (D)
  2 ice beasts (D)
  An orc warrior (D)
  A centaur (D)
  An ogre (D)
  A phantom (D)
  A scorpion (D)
  2 small abominations (D)
  A bullfrog (D)
  A quasit (D)
  An orc wizard (D)
  A river rat (D)
  A gnoll (D)
  An adder zombie (D)
  2 adder skeletons (D)
  2 orcs (D)
  A ball python (D)
  An endoplasm (D)
  3 goblins (D)
  A hobgoblin (D)
  4 jackals (D)
  2 kobolds (D)
  A ball python zombie (D)
  2 rats (D)
61 creatures vanquished.

Notes
Turn   | Place    | Note
-------+----------+-------------------------------------------
     0 | D        | boopmooplesden the Minotaur Berserker began the quest for
                  | the Orb.
     0 | D        | Reached XP level 1. HP: 19/19 MP: 0/0
    19 | D        | Reached skill level 4 in Axes
    59 | D        | Reached skill level 5 in Fighting
    59 | D        | Reached skill level 5 in Axes
    59 | D        | Reached XP level 2. HP: 21/29 MP: 1/1
   147 | D        | Reached ** piety under Trog
   155 | D        | Noticed a scorpion
   164 | D        | Killed a scorpion
   165 | D        | Reached skill level 7 in Axes
   165 | D        | Reached XP level 3. HP: 28/38 MP: 2/2
   165 | D        | Reached XP level 4. HP: 33/45 MP: 3/3
   250 | D        | Noticed a floating eye
   253 | D        | Reached *** piety under Trog
   254 | D        | Paralysed by a floating eye for 3 turns
   259 | D        | Killed a floating eye
   260 | D        | Reached skill level 8 in Axes
   260 | D        | Reached skill level 5 in Dodging
   260 | D        | Reached XP level 5. HP: 47/56 MP: 4/4
   261 | D        | Reached skill level 9 in Axes
   317 | D        | Noticed a floating eye
   319 | D        | Paralysed by a floating eye for 4 turns
   324 | D        | Paralysed by a floating eye for 4 turns
   328 | D        | Reached **** piety under Trog
   333 | D        | Killed a floating eye
   334 | D        | Reached skill level 10 in Axes
   334 | D        | Reached skill level 5 in Armour
   334 | D        | Reached XP level 6. HP: 65/66 MP: 5/5
   337 | D        | Noticed an ice beast
   346 | D        | Killed an ice beast
   347 | D        | Reached skill level 10 in Fighting
   349 | D        | Reached ***** piety under Trog
   350 | D        | Reached skill level 11 in Axes
   476 | D        | Noticed an ice beast
   481 | D        | Killed an ice beast
   489 | D        | Reached XP level 7. HP: 74/74 MP: 6/6
   493 | D        | Identified the +8 battleaxe of the Fray {vorpal, *Rage Fly
                  | rElec} (Trog gifted it to you in the Dungeon)
   493 | D        | Received a gift from Trog
   494 | D        | Reached skill level 12 in Axes
   496 | D        | Reached skill level 1 in Stealth
   509 | D        | Noticed an elephant
   519 | D        | Killed an elephant
   520 | D        | Reached skill level 13 in Axes
   520 | D        | Reached XP level 8. HP: 85/85 MP: 7/7
   647 | D        | Noticed a red devil
   650 | D        | Reached skill level 14 in Axes
   659 | D        | Killed a red devil
   886 | D        | Noticed a freezing wraith
   891 | D        | Killed a freezing wraith
   891 | D        | Reached ****** piety under Trog
   892 | D        | Reached skill level 15 in Axes
   949 | D        | Noticed a rime drake
   949 | D        | Noticed a molten gargoyle
   950 | D        | Noticed an eight-headed hydra
   953 | D        | Killed a molten gargoyle
   954 | D        | Reached skill level 16 in Axes
   954 | D        | Reached XP level 9. HP: 95/95 MP: 8/8
   955 | D        | Killed a ten-headed hydra
   955 | D        | Killed a rime drake
   956 | D        | Reached skill level 17 in Axes
   956 | D        | Reached skill level 10 in Dodging
  1055 | D        | Received a gift from Trog
  1056 | D        | Noticed a boulder beetle
  1058 | D        | Reached skill level 15 in Fighting
  1058 | D        | Reached skill level 18 in Axes
  1061 | D        | Received a gift from Trog
  1062 | D        | Reached XP level 10. HP: 105/105 MP: 9/9
  1066 | D        | Reached skill level 19 in Axes
  1066 | D        | Reached skill level 10 in Armour
  1069 | D        | Killed a boulder beetle
  1325 | D        | Received a gift from Trog
  1330 | D        | Reached skill level 20 in Axes
  1652 | D        | Noticed a purple draconian
  1656 | D        | Received a gift from Trog
  1663 | D        | Killed a purple draconian
  1668 | D        | Reached skill level 21 in Axes
  1671 | D        | HP: 2/110 [earth elemental (12)]
  1672 | D        | Mangled by an earth elemental

Illustrated notes

Levels and vault maps discovered:
D:        pitsprint [storerooms_1, entrance_room_1, metal_vault_2, armoury_3,
          mini_pit_1, grid_room_1, main_hall_1, silver_pit, the_coven_3,
          the_vestibule_1, steel_vault_2, golden_pit, hallway_of_sentries,
          crystal_vault_1, iron_vault_2, final_vault]

Skill      XL: |  1  2  3  4  5  6  7  8  9 10 |
---------------+-------------------------------+-----
Fighting       | 5 6 8 9 11 12 14 15 16 | 16.9
Axes           | 5 7 8 10 11 13 16 18 21 | 21.0
Armour         | 3 4 5 6 7 8 9 11 | 11.9
Dodging        | 3 5 7 8 9 10 | 10.7
Stealth        | 1 |  1.8

Action                   |  1- 3 |  4- 6 |  7- 9 | 10-12 || total
-------------------------+-------+-------+-------+-------++-------
Melee: Hand axe          |    23 |    33 |    11 |       ||    67
       Headbutt          |     5 |     3 |     6 |     9 ||    23
       Battleaxe         |       |       |    29 |    38 ||    67
Invok: Berserk           |       |     1 |     1 |     1 ||     3
  Use: Potion            |       |       |       |     3 ||     3
Armor: Animal skin       |     4 |     1 |       |       ||     5
       Plate armour      |       |    16 |     6 |       ||    22
       Chain mail        |       |       |    18 |    14 ||    32
Dodge: Dodged            |    15 |    18 |    12 |    17 ||    62
